 Dungeon Crawl Stone Soup version 0.22.0-6-g71bd7aa6b3 (webtiles) character file.

100 IceCat the Chiller (level 4, -3/33 HPs)
             Began as a Draconian Ice Elementalist on Aug 16, 2018.
             Slain by an orc priest
             ... wielding a +2 vampiric short sword
              (5 damage)
             ... on level 3 of the Dungeon.
             The game lasted 00:09:08 (1418 turns).

IceCat the Chiller (Draconian Ice Elementalist)     Turns: 1418, Time: 00:09:09

Health: -3/33      AC:  6    Str:  9    XL:     4   Next: 46%
Magic:  0/8        EV: 12    Int: 16    God:
Gold:   93         SH:  0    Dex: 11    Spells: 2/9 levels left

rFire    . . .     SeeInvis .   k - +0 short sword
rCold    + . .     Gourm    .   (no shield)
rNeg     . . .     Faith    .   (armour unavailable)
rPois    .         Spirit   .   (helmet restricted)
rElec    .         Reflect  .   (no cloak)
rCorr    .         Harm     .   (no gloves)
MR       .....                  m - +0 pair of boots
Stlth    ++........             (no amulet)
HPRegen  0.11/turn              j - -2 ring of strength (curse)
MPRegen  0.11/turn              l - ring of protection from cold

@: no status effects
A: unfitting armour, cold-blooded, AC +5
a: no special abilities


You were on level 3 of the Dungeon.
You were not hungry.

You visited 1 branch of the dungeon, and saw 3 of its levels.

You collected 93 gold pieces.

Inventory:

Hand Weapons
 k - a +0 short sword (weapon)
Armour
 m - a +0 pair of boots (worn)
Jewellery
 j - a cursed -2 ring of strength (left hand)
 l - a ring of protection from cold (right hand)
Scrolls
 e - 4 scrolls of identify {unknown}
 g - a scroll of noise {unknown}
 h - a scroll of amnesia {unknown}
 i - a scroll of enchant weapon {unknown}
Potions
 a - a potion of heal wounds {unknown}
 c - 2 potions of curing {unknown}
 d - 4 potions of flight {unknown}
Comestibles
 b - 6 rations
 f - 3 chunks of flesh


   Skills:
 + Level 0.1 Fighting
 + Level 2.2 Dodging
 + Level 1.9 Stealth
 + Level 3.0 Spellcasting
 * Level 2.1 Conjurations
 + Level 3.7 Ice Magic


You had 2 spell levels left.
You knew the following spells:

 Your Spells              Type           Power        Failure   Level  Hunger
a - Freeze                Ice            ##..         4%          1    #......
b - Throw Frost           Conj/Ice       ##....       9%          2    ##.....
c - Throw Icicle          Conj/Ice       ##......     50%         4    #####..

Your spell library contained the following spells:

 Spells                   Type           Power        Failure   Level  Hunger
 Summon Ice Beast         Ice/Summ       #.......     65%         4    #####..
 Ozocubu's Armour         Chrm/Ice       #.......     26%         3    ###....


Dungeon Overview and Level Annotations

Branches:
Dungeon (3/15)

Altars:

Annotations:
D:2 1 runed door


Innate Abilities, Weirdness & Mutations

Your plain brown scales are hard. (AC +5)
You cannot fit into any form of body armour.
You are cold-blooded and may be slowed by cold attacks.


Message History

* * * LOW HITPOINT WARNING * * *
The orc priest draws strength from your wounds!
You hit the orc priest.
The orc priest is moderately wounded.
The orc priest closely misses you.
The orc priest hits you with a vampiric short sword.
* * * LOW HITPOINT WARNING * * *
The orc priest draws strength from your wounds!
Casting: Freeze (safe; 4% risk of failure)
Confirm with . or Enter, or press ? or * to list all spells.
Aiming: Freeze (safe; 4% risk of failure)
Press: ? - help, Shift-Dir - straight line, f/p - orc priest
Aim: an orc priest, wielding a vampiric short sword and wearing a leather armour (lightly wounded)
You freeze the orc priest.
The orc priest is moderately wounded.
The orc priest looks braver for a moment.
There is a stone staircase leading up here.
Okay, then.
The orc priest hits you with a vampiric short sword.
You die...

#..#...... #.........
##.#.......##
#######..........
................
###..##.#...... #.
#.#.†....
#..##.####.##
#...@oo.##.######.
.........#S.)?...(...
###.....##.##)#######
#.###.##.##.# ..
#........ ##
#.#####.#. ..# #.#?#
### #.# # #[#


You could see an orc priest, an adder and an orc.

Vanquished Creatures
  Jessica (D:2)
  An adder (D:2)
  3 worms (D:2)
  2 dart slugs (D:1)
  An orc (D:3)
  6 bats
  3 giant cockroaches
  7 hobgoblins
  7 jackals
  A quokka (D:2)
  7 frilled lizards
  3 goblins
  3 kobolds
  5 rats
50 creatures vanquished.

Notes
Turn   | Place    | Note
-------+----------+-------------------------------------------
     0 | D:1      | IceCat the Draconian Ice Elementalist began the quest for the Orb.
     0 | D:1      | Reached XP level 1. HP: 14/14 MP: 3/3
   150 | D:1      | Reached XP level 2. HP: 20/20 MP: 1/5
   218 | D:1      | Learned a level 2 spell: Throw Frost
   531 | D:2      | Reached XP level 3. HP: 26/26 MP: 1/6
  1116 | D:2      | Reached XP level 4. HP: 29/33 MP: 4/8
  1228 | D:2      | Noticed Jessica
  1232 | D:2      | Killed Jessica
  1239 | D:2      | Learned a level 4 spell: Throw Icicle
  1344 | D:2      | Found a runed door.
  1412 | D:3      | HP: 1/33 [orc priest/vampiric short sword (4)]
  1418 | D:3      | Slain by an orc priest

Skill      XL: |  1  2  3  4 |
---------------+-------------+-----
Dodging        | 2 |  2.2
Spellcasting   | 3 |  3.0
Conjurations   | 2 |  2.1
Fighting       | |  0.1
Stealth        | |  1.9
Ice Magic      | |  3.7

Action                   |  1- 3 |  4- 6 || total
-------------------------+-------+-------++-------
Melee: Unarmed           |     6 |       ||     6
       Short sword       |    15 |     7 ||    22
       Tailslap          |       |     1 ||     1
 Cast: Freeze            |    60 |    12 ||    72
       Throw Frost       |    10 |     6 ||    16
  Eat: Chunk             |     2 |     1 ||     3
Armor: Skin              |    10 |       ||    10
Dodge: Dodged            |    44 |     8 ||    52
